 Dungeon Crawl Stone Soup version 0.25-a0-435-g4b9beb1024 (webtiles) character file.

Game seed: 1723387155391110151, levelgen mode: deterministic

3720 Nattfarinn the Summoner (level 10, -11/45 HPs)
             Began as a Tengu Summoner on Jan 26, 2020.
             Was a Follower of Hepliaklqana.
             Mangled by Grum
             ... wielding a +1 spear
              (14 damage)
             ... on level 8 of the Dungeon.
             The game lasted 00:18:56 (8715 turns).

Nattfarinn the Summoner (Tengu Summoner)            Turns: 8715, Time: 00:18:56

Health: -11/45     AC: 15    Str:  9    XL:     10   Next: 14%
Magic:  14/19      EV: 11    Int: 22    God:    Hepliaklqana [*.....]
Gold:   445        SH:  0    Dex: 15    Spells: 9/19 levels left

rFire    . . .     SeeInvis .   N - +10 war axe of Weevero {vorpal, +Inv rPois rC++ rN+}
rCold    + + .     Gourm    .   (no shield)
rNeg     + . .     Faith    .   C - +6 scale mail of Cecsaef {rPois}
rPois    +         Spirit   .   b - +1 hat
rElec    .         Reflect  .   i - scarf {repulsion}
rCorr    .         Harm     .   (no gloves)
MR       .....                  (boots unavailable)
Stlth    ..........             (no amulet)
HPRegen  0.15/turn              B - +4 ring of intelligence
MPRegen  0.16/turn              m - ring of poison resistance

@: drained, repel missiles
A: reduced essence, beak, talons 3, able to fly
a: Fly, Recall Ancestor, Ancestor Identity, Renounce Religion, Evoke
Invisibility


You were on level 8 of the Dungeon.
You worshipped Hepliaklqana.
Hepliaklqana was aware of your devotion.
You were not hungry.

You visited 2 branches of the dungeon, and saw 9 of its levels.

You collected 549 gold pieces.
You spent 104 gold pieces at shops.

Inventory:

Hand Weapons
 f - a +0 dagger
 t - a +2 dagger of electrocution
 D - the +8 rapier "Keapn" {protect, *Drain Str+3}
   (You found it on level 6 of the Dungeon)

   It grants its wielder temporary protection when it strikes (+7 to AC).
   It affects your strength (+3).
   It causes draining when unequipped.
 N - the +10 war axe of Weevero (weapon) {vorpal, +Inv rPois rC++ rN+}
   (You found it on level 8 of the Dungeon)

   It inflicts extra damage upon your enemies.
   It greatly protects you from cold.
   It protects you from poison.
   It protects you from negative energy.
   It lets you turn invisible.
Missiles
 e - 10 poisoned darts (quivered)
 q - 63 arrows
Armour
 a - a +0 robe
 b - a +1 hat (worn)
 i - a scarf of repulsion (worn)
 o - a +0 leather armour
 r - a +0 ring mail
 s - a +0 cloak
 C - the +6 scale mail of Cecsaef (worn) {rPois}
   (You found it on level 6 of the Dungeon)

   It protects you from poison.
   If you remove this armour, your AC will fall 14 points (15 -> 1)
 J - a +2 cloak
Jewellery
 k - an uncursed ring of ice
 m - a ring of poison resistance (right hand)
 B - a +4 ring of intelligence (left hand)
Wands
 E - a wand of enslavement (8)
 G - a wand of iceblast (5)
Scrolls
 g - 4 scrolls of amnesia
 j - 5 scrolls of remove curse
 l - 6 scrolls of teleportation
 w - 2 scrolls of immolation
 x - a scroll of enchant armour {unknown}
 y - a scroll of identify
 F - a scroll of torment {unknown}
 H - a scroll of noise {unknown}
 I - a scroll of random uselessness {unknown}
 K - a scroll of brand weapon {unknown}
 L - a scroll of blinking {unknown}
 P - a scroll of holy word {unknown}
 S - a scroll of magic mapping {unknown}
Potions
 d - 4 potions of might
 h - a potion of flight {unknown}
 n - a potion of ambrosia {unknown}
 p - a potion of brilliance {unknown}
 u - a potion of heal wounds {unknown}
 v - a potion of lignification
 z - a potion of haste {unknown}
 A - a potion of invisibility {unknown}
 M - a potion of agility {unknown}
 R - a potion of mutation {unknown}
Comestibles
 c - 18 rations
 O - 3 chunks of flesh


   Skills:
 * Level 8.7(7.5) Armour
 + Level 6.5(5.4) Dodging
 - Level 2.0(1.0) Stealth
 + Level 5.4(4.3) Spellcasting
 * Level 10.7(9.5) Summonings
 - Level 4.1(3.1) Air Magic


You had 9 spell levels left.
You knew the following spells:

 Your Spells              Type           Power        Failure   Level  Hunger
a - Summon Small Mammal   Summ           ####         1%          1    None
b - Call Imp              Summ           #####...     1%          2    #......
c - Call Canine Familiar  Summ           #####...     3%          3    ##.....
d - Summon Lightning Spi  Summ/Air       ####....     43%         4    ####...

Your spell library contained the following spells:

 Spells                   Type           Power        Failure   Level  Hunger
 Summon Guardian Golem    Hex/Summ       ####....     26%         3    ##.....
 Animate Skeleton         Necr           N/A          54%         1    None
 Apportation              Tloc           #.....       54%         1    None
 Corona                   Hex            #......      54%         1    None
 Summon Ice Beast         Ice/Summ       ####....     65%         4    ####...
 Confusing Touch          Hex            #.......     88%         3    ##.....
 Gell's Gravitas          Tloc           #.........   88%         3    ##.....
 Petrify                  Tmut/Erth      #.......     99%         4    ####...
 Metabolic Englaciation   Hex/Ice        #.........   100%        5    ######.
 Yara's Violent Unravell  Hex/Tmut       #.........   100%        5    ######.


Dungeon Overview and Level Annotations

Branches:
Dungeon (8/15)             Temple (1/1) D:6            Lair (0/6) D:8

Altars:
Cheibriados
Dithmenos
Elyvilon
Gozag
Hepliaklqana
Qazlal
Trog
Vehumet
Xom
The Shining One

Shops:
D:5 *

Annotations:
D:8 Grum


Innate Abilities, Weirdness & Mutations

You have a beak for a mouth.
You have claws for feet.
You can fly continuously.
Your life essence is reduced to manifest your ancestor. (-10% HP)


Message History

Okay, then.
Casting: Summon Lightning Spire (quite dangerous; 43% risk of failure)
Confirm with . or Enter, or press ? or * to list all spells.
A beastly little devil appears in a puff of flame.
The wolf bites your crimson imp! The wolf misses your crimson imp.
Your wolf barely misses the wolf.
The wolf bites you!
* * * LOW HITPOINT WARNING * * *
The wolf bites you but does no damage.
Your wolf bites the wolf.
Grum hits you but does no damage.
You feel better.
The wolf barely misses your crimson imp.
The wolf bites you!
* * * LOW HITPOINT WARNING * * *
The wolf barely misses you.
Your wolf bites the wolf.
The wolf bites you.
* * * LOW HITPOINT WARNING * * *
The wolf bites your crimson imp. The wolf closely misses you.
Your wolf closely misses the wolf.
Your crimson imp blinks!
Grum hits you from afar with a +1 spear!
You die...

#.......#####'##......#
#..............#......#
#..............#5.....#
...............#......#
....(..........#......#
...............#......#
..)........<...#......#
).))...........#......#
########.......#@ยง....#
#.......#hhh...#
#.......#g.h...#
#.......#......#
#.......#......#
#.......#......#
#.......#......#
#.......#......#
#.......#......#


You could see Grum, 3 wolves, a friendly wolf and a friendly crimson imp.

Vanquished Creatures
  3 hippogriffs (D:7)
  2 porcupines (D:8)
  2 sky beasts (D:7)
  An ice beast (D:8)
  2 black bears (D:8)
  2 orc warriors
  An ogre (D:8)
  5 bullfrogs
  A water moccasin zombie (D:5)
  A scorpion (D:6)
  4 killer bees (D:8)
  A crimson imp (D:4)
  A quasit (D:8)
  3 hounds
  A jelly (D:5)
  3 orc wizards
  Jessica (D:2)
  3 iguanas
  4 worker ants
  A howler monkey skeleton (D:4)
  A gnoll (D:3)
  3 adders
  2 shadow imps
  2 worms (D:5)
  A dart slug (D:4)
  2 leopard geckos
  13 orcs
  2 ball pythons
  6 bats
  3 giant cockroaches
  5 goblins
  6 hobgoblins
  5 kobolds
  4 quokkas
  7 frilled lizards
  A leopard gecko skeleton (D:5)
  A leopard gecko zombie (D:7)
  14 rats
120 creatures vanquished.

Vanquished Creatures (collateral kills)
  A two-headed ogre (D:8)
  Sigmund (D:4)
  Menkaure (D:6)
  An orc warrior (D:8)
  An ice beast (D:7)
  2 ogres (D:4)
  A bullfrog (D:8)
  A scorpion (D:2)
  A hound (D:4)
  An orc priest (D:3)
  2 jellies
  A gnoll shaman (D:8)
  3 orc wizards
  A worker ant (D:4)
  A hound skeleton (D:7)
  7 gnolls
  A worm (D:3)
  A dart slug (D:1)
  A leopard gecko (D:4)
  12 orcs
  4 hobgoblins
  2 jackals (D:3)
  2 kobolds
  2 quokkas
  2 fungi (D:8)
53 creatures vanquished.

Vanquished Creatures (others)
  3 ancestors (D:8)
  A fungus (D:8)
4 creatures vanquished.

Grand Total: 177 creatures vanquished

Notes
Turn   | Place    | Note
-------+----------+-------------------------------------------
     0 | D:1      | Nattfarinn the Tengu Summoner began the quest for the Orb.
     0 | D:1      | Reached XP level 1. HP: 10/10 MP: 4/4
   407 | D:1      | Reached skill level 5 in Summonings
   413 | D:1      | Reached XP level 2. HP: 12/15 MP: 6/6
   450 | D:1      | Reached skill level 1 in Armour
  1386 | D:2      | Reached XP level 3. HP: 19/19 MP: 7/7
  1390 | D:2      | Learned a level 2 spell: Call Imp
  1394 | D:2      | Learned a level 3 spell: Call Canine Familiar
  1487 | D:2      | Noticed Jessica
  1494 | D:2      | Killed Jessica
  1760 | D:2      | Reached XP level 4. HP: 24/24 MP: 8/8
  3041 | D:3      | Gained mutation: You can fly continuously. [Tengu growth]
  3041 | D:3      | Reached XP level 5. HP: 21/28 MP: 5/9
  3049 | D:3      | Reached skill level 6 in Summonings
  4098 | D:4      | Noticed Sigmund
  4111 | D:4      | Noticed an ogre
  4120 | D:4      | Killed an ogre
  4120 | D:4      | Reached XP level 6. HP: 25/32 MP: 2/11
  4218 | D:4      | Killed Sigmund
  4218 | D:4      | HP: 1/32 [ogre/+0 giant club (24)]
  4766 | D:4      | Found a shadowy altar of Dithmenos.
  4768 | D:4      | Reached XP level 7. HP: 36/36 MP: 12/12
  4833 | D:4      | Reached skill level 7 in Summonings
  5122 | D:5      | Entered Level 5 of the Dungeon
  5138 | D:5      | Found Gugul's General Store.
  5147 | D:5      | Bought a scroll of immolation for 38 gold pieces
  5147 | D:5      | Bought a potion of might for 44 gold pieces
  5147 | D:5      | Bought a scroll of identify for 22 gold pieces
  5556 | D:5      | Learned a level 4 spell: Summon Lightning Spire
  5825 | D:5      | Noticed a moth of wrath
  5828 | D:5      | Found a bloodstained altar of Trog.
  6075 | D:5      | Found a glowing golden altar of the Shining One.
  6185 | D:6      | Reached skill level 5 in Armour
  6204 | D:6      | Reached skill level 1 in Air Magic
  6367 | D:6      | Found an opulent altar of Gozag.
  6413 | D:6      | Found a staircase to the Ecumenical Temple.
  6424 | D:6      | Reached XP level 8. HP: 36/41 MP: 14/14
  6426 | D:6      | Got a faintly glowing rapier
  6427 | D:6      | Identified the +8 rapier "Keapn" {protect, *Drain Str+3}
                  | (You found it on level 6 of the Dungeon)
  6441 | D:6      | Noticed Menkaure
  6453 | D:6      | Killed Menkaure
  6453 | D:6      | Reached skill level 8 in Summonings
  6501 | Temple   | Entered the Ecumenical Temple
  6519 | Temple   | Became a worshipper of Hepliaklqana the Forgotten
  6668 | D:6      | Got a shimmering scale mail
  6679 | D:6      | Identified the +6 scale mail of Cecsaef {rPois} (You found
                  | it on level 6 of the Dungeon)
  6862 | D:6      | Found an opulent altar of Gozag.
  6862 | D:6      | Found a shimmering altar of Xom.
  6962 | D:7      | Noticed a hippogriff
  6971 | D:7      | Killed a hippogriff
  7128 | D:7      | Reached skill level 5 in Dodging
  7170 | D:7      | Noticed a hippogriff
  7179 | D:7      | Killed a hippogriff
  7179 | D:7      | Reached skill level 9 in Summonings
  7179 | D:7      | Reached XP level 9. HP: 39/40 MP: 16/16
  7497 | D:7      | Reached * piety under Hepliaklqana
  7884 | D:8      | Noticed a two-headed ogre
  7893 | D:8      | Killed a two-headed ogre
  7893 | D:8      | Reached skill level 10 in Summonings
  8000 | D:8      | Reached skill level 5 in Spellcasting
  8309 | D:8      | Reached XP level 10. HP: 45/45 MP: 18/18
  8394 | D:8      | Got a steaming war axe
  8395 | D:8      | Identified the +10 war axe of Weevero {vorpal, +Inv rPois
                  | rC++ rN+} (You found it on level 8 of the Dungeon)
  8591 | D:8      | Found a staircase to the Lair.
  8706 | D:8      | Noticed Grum
  8715 | D:8      | Mangled by Grum

Levels and vault maps discovered:
D:1:      dpeg_arrival_water_temple_mockup, layout_rooms
D:2:      layout_basic, minmay_rat_gold_closets, uniq_jessica
D:3:      layout_loops_ring, first_ration
D:4:      layout_loops_ring, grunt_dithmenos_shadows, minmay_circle_x,
          uniq_sigmund
D:5:      layout_cave_pods, tso_oasis_becter, tgw_trog, serial_shops, shop
D:6:      layout_loops_ring, gammafunk_temple_overflow_elements,
          minmay_temple_entry_offerings, basic_altar, minivault_24,
          uniq_menkaure
D:7:      layout_cave_pods
D:8:      layout_gridville, grunt_lair_entry_orc_guard_hut, serial_shops,
          shop_fountains, uniq_joseph, uniq_erica, uniq_grum
Temple:   regret_index_temple_sphere_string

Skill      XL: |  1  2  3  4  5  6  7  8  9 |
---------------+----------------------------+-----
Summonings     | 5 6 7 9 10 | 10.7
Armour         | 1 2 3 4 5 6 8 |  8.7
Dodging        | 3 4 5 6 |  6.5
Spellcasting   | 3 4 5 |  5.4
Air Magic      | 1 3 4 |  4.1
Stealth        | |  2.0

Action                   |  1- 3 |  4- 6 |  7- 9 | 10-12 || total
-------------------------+-------+-------+-------+-------++-------
Melee: Unarmed           |    12 |       |       |       ||    12
       Dagger            |    82 |   104 |    76 |       ||   262
       Kick              |    18 |    19 |    42 |     2 ||    81
       Peck              |    10 |    17 |    24 |     1 ||    52
       Rapier            |       |       |   118 |     2 ||   120
       War axe           |       |       |       |    13 ||    13
Throw: Dart              |     2 |    15 |       |       ||    17
 Cast: Summon Small Mamm |     6 |       |       |       ||     6
       Call Canine Famil |     2 |    15 |    11 |     3 ||    31
       Call Imp          |     1 |     8 |    13 |     3 ||    25
  Use: Scroll            |       |     4 |     3 |     1 ||     8
       Potion            |       |     3 |     2 |     1 ||     6
 Stab: Sleeping          |     2 |     7 |     2 |       ||    11
       Distracted        |       |       |     3 |       ||     3
  Eat: Chunk             |     3 |    10 |    14 |     2 ||    29
Armor: Robe              |    25 |     2 |       |       ||    27
       Ring mail         |       |    23 |    19 |       ||    42
       Leather armour    |       |     5 |       |       ||     5
       Scale mail        |       |       |   121 |    21 ||   142
       Skin              |       |       |     4 |       ||     4
Dodge: Dodged            |    67 |    53 |   150 |    26 ||   296

Table legend:
 A = Non-vault XP
 B = Vault XP
 C = Vault XP percentage of total XP
 D = Non-vault monster count
 E = Vault monster count
 F = Vault count percentage of total count
                 A         B        C        D         E       F
            +---------+---------+-------+---------+---------+-------
      Total |    4355 |     960 |  18.1 |     144 |      27 |  15.8
            +---------+---------+-------+---------+---------+-------
        D:1 |      33 |       0 |   0.0 |      21 |       0 |   0.0
        D:2 |      56 |      45 |  44.6 |      15 |       9 |  37.5
        D:3 |     138 |       0 |   0.0 |      23 |       0 |   0.0
        D:4 |     255 |     223 |  46.7 |      15 |       7 |  31.8
        D:5 |     234 |      12 |   4.9 |       9 |       5 |  35.7
        D:6 |     525 |     105 |  16.7 |      11 |       1 |   8.3
        D:7 |    1508 |       0 |   0.0 |      26 |       0 |   0.0
        D:8 |    1606 |     575 |  26.4 |      24 |       5 |  17.2
            +---------+---------+-------+---------+---------+-------
